 Dungeon Crawl Stone Soup version 0.20-a0-263-g81abdfb (webtiles) character file.

404708 Lochraine the Stormcaller (level 23, -5/145 HPs)
             Began as a Tengu Air Elementalist on Dec 4, 2016.
             Was the Champion of Vehumet.
             Slain by a cyan very ugly thing (7 damage)
             ... on level 15 of the Dungeon on Dec 5, 2016.
             The game lasted 06:21:04 (67006 turns).

Lochraine the Stormcaller (Tengu Air Elementalist) Turns: 67006, Time: 06:21:05

Health: -5/145     AC: 23    Str: 16    XL:     23   Next: 38%
Magic:  4/36       EV: 18    Int: 24    God:    Vehumet [******]
Gold:   1894       SH: 16    Dex: 17    Spells: 4/47 levels left

rFire  + . .     SeeInvis .     a - staff of air
rCold  + . .     Gourm    .     M - +0 ring mail {rF+}
rNeg   . . .     Faith    .     N - +2 shield {reflect}
rPois  +         Spirit   .     C - +2 hat {Int+3}
rElec  +         Reflect  +     Q - +2 cloak {rPois}
rCorr  .         Harm     .     t - +2 pair of gloves {Str+3}
MR     ++...                    (boots unavailable)
Stlth  ++........               s - amulet of magic regeneration
                                l - ring "Kanoel" {MR+ AC+5 Int+2}
                                Z - ring of protection from cold

@: repel missiles
A: beak, talons 3, iridescent scales 1, low mp 1, able to fly 2
}: 2/15 runes: serpentine, barnacled
a: Fly, Renounce Religion


You were on level 15 of the Dungeon.
You worshipped Vehumet.
Vehumet was exalted by your worship.
You were not hungry.

You visited 9 branches of the dungeon, and saw 41 of its levels.

You collected 3877 gold pieces.
You spent 1983 gold pieces at shops.

Inventory:

Hand Weapons
 b - a +9 demon blade of flaming
Armour
 t - a +2 pair of gloves of strength (worn)
 C - a +2 hat of intelligence (worn)
 M - a +0 ring mail of fire resistance (worn)
 N - a +2 shield of reflection (worn)
 Q - a +2 cloak of poison resistance (worn)
Magical Staves
 a - an uncursed staff of air (weapon)
 A - an uncursed staff of power
Jewellery
 h - the ring of Poacuef {rPois rN+ EV+3 Str+3 Dex+4}
   (You bought it in a shop on level 2 of the Snake Pit)

   [ring of evasion]

   It affects your evasion (+3).
   It affects your strength (+3).
   It affects your dexterity (+4).
   It protects you from poison.
   It protects you from negative energy.
 l - the ring "Kanoel" (right hand) {MR+ AC+5 Int+2}
   (You found it on level 5 of the Lair of Beasts)

   [ring of protection]

   It affects your AC (+5).
   It affects your intelligence (+2).
   It affects your resistance to hostile enchantments.
 s - an amulet of magic regeneration (around neck)
 S - an uncursed ring of fire
 Z - a ring of protection from cold (left hand)
Wands
 m - a wand of teleportation (8/9)
 u - a wand of paralysis (7/24)
 x - a wand of confusion (41/48)
 y - a wand of enslavement (12/24)
 z - a wand of random effects (28/48)
 D - a wand of confusion (24/48)
 P - a wand of digging (11/24)
Scrolls
 d - 6 scrolls of recharging
 g - 12 scrolls of remove curse
 j - 4 scrolls of amnesia
 k - 7 scrolls of identify
 q - 2 scrolls of teleportation
 r - 6 scrolls of immolation
 E - 6 scrolls of magic mapping
 F - a scroll of enchant weapon
Potions
 c - a potion of resistance
 i - 6 potions of lignification
 K - 4 potions of might
 L - 5 potions of brilliance
 U - 3 potions of cancellation
 V - 2 potions of magic
 Y - a potion of curing
Books
 e - a book of Beasts

   Spells                             Type                      Level
   a - Summon Butterflies             Summoning                    1
   b - Call Canine Familiar           Summoning                    3
   c - Summon Ice Beast               Ice/Summoning                4
   d - Summon Mana Viper              Hexes/Summoning              5
   e - Summon Hydra                   Summoning                    7
 p - a book of the Sky

   Spells                             Type                      Level
   a - Summon Lightning Spire         Summoning/Air                4
   b - Airstrike                      Air                          4
   c - Silence                        Hexes/Air                    5
   d - Deflect Missiles               Charms/Air                   6
   e - Conjure Ball Lightning         Conjuration/Air              6
   f - Tornado                        Air                          9
 T - a book of Enchantments

   Spells                             Type                      Level
   a - Cause Fear                     Hexes                        4
   b - Yara's Violent Unravelling     Hexes/Transmutation          5
   c - Silence                        Hexes/Air                    5
   d - Deflect Missiles               Charms/Air                   6
   e - Discord                        Hexes                        8
 W - Roxanne's Reference Book on Clay
   (You took it off Roxanne on level 1 of the Shoals)

   Spells                             Type                      Level
   a - Sandblast                      Earth                        1
   b - Passwall                       Transmutation/Earth          2
   c - Petrify                        Transmutation/Earth          4
   d - Bolt of Magma                  Conjuration/Fire/Earth       5
   e - Statue Form                    Transmutation/Earth          6
Miscellaneous
 n - a disc of storms
 v - a lamp of fire
 B - a fan of gales
 X - 2 phantom mirrors
Comestibles
 f - 8 beef jerkies
 o - 18 meat rations
 J - 18 fruits


   Skills:
 - Level 15.5 Fighting
 + Level 10.8 Long Blades
   Level 6.9(10.0) Polearms
 - Level 11.3(12.0) Staves
 - Level 9.8 Armour
 - Level 10.1 Dodging
 - Level 2.5 Stealth
 - Level 15.0 Shields
 - Level 12.7 Spellcasting
 - Level 15.5 Conjurations
 - Level 3.3 Charms
 - Level 4.8 Summonings
   Level 2.8 Translocations
   Level 3.7 Fire Magic
 - Level 7.0 Ice Magic
 - Level 17.8 Air Magic
 - Level 5.3 Earth Magic
 - Level 14.4 Evocations


You had 4 spell levels left.
You knew the following spells:

 Your Spells              Type           Power        Failure   Level  Hunger
a - Shock                 Conj/Air       ####         0%          1    None
b - Iskenderun's Battles  Conj/Chrm      ######..     1%          5    ###....
c - Summon Lightning Spi  Summ/Air       #######.     1%          4    None
d - Repel Missiles        Chrm/Air       ######       1%          2    None
e - Lightning Bolt        Conj/Air       #######...   1%          5    ###....
f - Iron Shot             Conj/Erth      ######....   4%          6    #####..
g - Conjure Ball Lightni  Conj/Air       #######...   1%          6    #####..
h - Freezing Cloud        Conj/Ice/Air   #######...   1%          6    #####..
i - Swiftness             Chrm/Air       #######.     1%          2    None
j - Airstrike             Air            ########..   1%          4    None
k - Passwall              Tmut/Erth      ####......   4%          2    None


Dungeon Overview and Level Annotations

Branches:
Dungeon (15/15)            Temple (1/1) D:6            Lair (6/6) D:8
 Shoals (4/4) Lair:4        Snake (4/4) Lair:3        Slime (0/5) Lair:6
    Orc (2/2) D:10            Elf (3/3) Orc:2        Vaults (5/5) D:14
  Crypt (0/3) Vaults:3     Depths (1/5) D:15

Altars:
Ashenzari
Cheibriados
Dithmenos
Elyvilon
Fedhas
Gozag
Hepliaklqana
Kikubaaqudgha
Makhleb
Nemelex Xobeh
Okawaru
Qazlal
Ru
Sif Muna
Trog
Uskayaw
Vehumet
Xom
Yredelemnul
Zin
The Shining One
Beogh
Jiyva

Shops:
D:5 [   D:14 ?   Orc:2 %([*:}(?   Elf:1 :   Shoals:3 (   Snake:1 [
Snake:2 =}=   Vaults:1 [

Portals:
Trove: D:13 (give +6 ice dragon scales)

Annotations:
D:3 1 runed door
D:6 Grinder, Sigmund
Shoals:4 Ilsuiw
Vaults:5 Saint Roka


Innate Abilities, Weirdness & Mutations

You have a beak for a mouth.
You have claws for feet.
You can fly continuously.
You are partially covered in iridescent scales. (AC +2)
Your magical capacity is low. (-10% MP)


Message History

The iron shot misses the cyan very ugly thing.
The cyan very ugly thing trunk-slaps you but does no damage.
Casting: Iron Shot
Confirm with . or Enter, or press ? or * to list all spells.
Aiming: Iron Shot
Press: ? - help, Shift-Dir - straight line, f/p - cyan very ugly thing
Aim: a cyan very ugly thing (heavily wounded)
The iron shot hits the cyan very ugly thing.
The cyan very ugly thing is almost dead.
The cyan very ugly thing trunk-slaps you but does no damage.
Casting: Iron Shot
Confirm with . or Enter, or press ? or * to list all spells.
Aiming: Iron Shot
Press: ? - help, Shift-Dir - straight line, f/p - cyan very ugly thing
Aim: a cyan very ugly thing (almost dead)
The iron shot misses the cyan very ugly thing.
The cyan very ugly thing trunk-slaps you!
* * * LOW HITPOINT WARNING * * *
The cyan very ugly thing shocks you! You resist.
You die...

.###################.......#.##
.# ##......#..# .# #...(..##)#
.# ###### #......##[## .# ####
#..#.###......##..# .#
##..###.....###########.# ##
####....#.[##.## #.#
#.'.......###..# ##'##
##.##....###.@..# #....
#..###..####u#### ####.... #.##
######...## #....... ####.#####
##.....## #......< .#..§?...#
#...)...# #....... ...§.....#
##.÷...## #####.......
...§§≈≈..# ###>### #...........
....§.§§.# ### #(..........
.........# #(....≈≈≈≈≈≈


You could see a cyan very ugly thing.

Vanquished Creatures
  Nikola (Vaults:1)
  2 sphinxes (Vaults:4)
  3 titans (Vaults:4)
  Asterion (Snake:2)
  Frances (Elf:1)
  Gastronok (Lair:1)
  2 shadow dragons (Vaults:4)
  Donald (Elf:2)
  A storm dragon (shapeshifter) (Vaults:4)
  2 krakens (Shoals:3)
  Roxanne (Shoals:1)
  8 nagarajas
  A fire giant (Vaults:4)
  A storm dragon (Vaults:4)
  2 deep elf sorcerers
  3 frost giants
  15 vault wardens
  An orc warlord (Orc:2)
  22 ironheart preservers
  6 very ugly things
  The ghost of stickyfingers the Skirmisher, a journeyman TrWz of Ashenzari (Lair:4)
  6 stone giants
  2 entropy weavers (Vaults:4)
  3 deep elf demonologists
  Azrael (D:14)
  A deep elf death mage (Vaults:4)
  2 ettins (Vaults:4)
  6 merfolk javelineers
  6 merfolk impalers
  2 fire dragons (Vaults:4)
  9 yaktaur captains
  7 ogre magi
  34 vault guards
  A great orb of eyes (Vaults:1)
  4 rakshasas
  10 naga warriors
  An ice dragon (Vaults:3)
  8 hydras
  A catoblepas (Lair:6)
  10 centaur warriors
  12 anacondas
  5 satyrs
  24 dancing weapons
  3 merfolk aquamancers
  2 deep troll earth magi (Vaults:4)
  4 merfolk avatars
  2 death knights (Vaults:3)
  6 death yaks (Lair:6)
  3 tengu warriors
  3 orc high priests (Orc:2)
  A vampire mage (Depths:1)
  10 shock serpents
  3 deep troll shamans
  6 naga sharpshooters
  A shock serpent (shapeshifter) (Vaults:4)
  Nergalle (D:12)
  26 deep elf knights
  4 salamander mystics (Snake:4)
  A shadow wraith (Vaults:4)
  5 unseen horrors
  7 skeletal warriors
  7 sea snakes
  A glowing orange brain (D:15)
  14 deep trolls
  17 deep elf archers
  6 lindwurms
  A necromancer (Vaults:4)
  A wolf spider zombie (D:13)
  4 orc sorcerers
  10 orc knights
  9 harpies
  65 deep elf magi
  5 wizards
  11 hill giants
  12 ironbrand convokers
  A human zombie (Vaults:4)
  6 naga ritualists
  5 wolf spiders
  2 manticores (shapeshifter)
  13 mana vipers
  10 slime creatures
  A sphinx skeleton (Vaults:4)
  49 ugly things
  12 manticores
  9 elephants
  17 fauns
  4 oklob plants (Lair:6)
  13 cyclopes
  28 black mambas
  8 merfolk sirens
  6 water nymphs
  A frost giant skeleton (Vaults:4)
  6 salamanders
  A titan simulacrum (Vaults:4)
  A torpor snail (Lair:5)
  3 centaur zombies (D:15)
  2 gargoyles
  18 naga magi
  7 guardian serpents
  15 spiny frogs
  9 vault sentinels
  2 spiny frogs (shapeshifter)
  62 yaktaurs
  2 rime drakes
  A kobold demonologist (D:11)
  A rime drake (shapeshifter) (D:15)
  3 freezing wraiths
  4 komodo dragons
  6 trolls
  A troll (shapeshifter) (Elf:1)
  A tengu conjurer (D:13)
  27 merfolk
  A queen bee (D:12)
  3 polar bears
  A jumping spider (Vaults:4)
  10 two-headed ogres
  12 hippogriffs
  6 hornets
  9 dream sheep
  5 wind drakes
  12 blink frogs
  2 snapping turtles (Shoals:2)
  A slime creature (shapeshifter) (Vaults:1)
  2 air elementals
  3 wyverns
  A redback (Vaults:4)
  A spriggan (shapeshifter) (Depths:1)
  46 yaks
  3 vampires
  A wyvern (shapeshifter) (Vaults:3)
  A basilisk (shapeshifter) (D:14)
  3 fire elementals
  A tarantella (Vaults:4)
  4 basilisks
  A human (shapeshifter) (Vaults:2)
  9 water elementals
  2 hungry ghosts
  3 wraiths
  A golden eye (shapeshifter) (Elf:3)
  4 vampire mosquitoes
  A naga (shapeshifter) (D:15)
  30 nagas
  A swamp worm (shapeshifter) (Vaults:3)
  7 wargs
  A soldier ant (D:11)
  A water moccasin (shapeshifter) (Vaults:3)
  An acid dragon (Vaults:2)
  A floating eye (shapeshifter) (Vaults:4)
  A hell hound (D:14)
  11 water moccasins
  A swamp drake (D:10)
  15 porcupines
  3 black bears
  4 ice beasts
  52 orc warriors
  An ice beast (shapeshifter) (Vaults:4)
  4 phantoms
  3 necrophages
  31 ogres
  2 sky beasts
  An eye of draining (shapeshifter) (Vaults:4)
  22 wolves
  2 eyes of draining
  14 boggarts
  19 centaurs
  17 crocodiles
  An elf skeleton (Vaults:4)
  A big kobold (D:9)
  16 bullfrogs
  4 earth elementals
  A gnoll sergeant (D:8)
  A wyvern skeleton (D:11)
  8 scorpions
  18 killer bees
  13 wights
  An electric eel (Lair:5)
  6 howler monkeys
  A lava snake (D:15)
  2 quasits
  A yaktaur simulacrum (Vaults:1)
  7 crimson imps
  4 jellies
  27 orc priests
  6 hounds
  A jelly (shapeshifter) (Vaults:2)
  7 centaur skeletons
  37 orc wizards
  Jessica (D:3)
  6 iguanas
  10 worker ants
  A killer bee zombie (D:7)
  2 hound zombies
  A hound skeleton (D:4)
  2 worker ant zombies
  7 gnolls (D:8)
  15 adders
  A howler monkey skeleton (D:8)
  3 shadow imps
  An adder skeleton (D:9)
  3 dart slugs (D:1)
  6 leopard geckos
  148 orcs
  12 bats
  7 giant cockroaches
  6 goblins
  A hobgoblin (shapeshifter) (Vaults:4)
  9 hobgoblins
  4 jackals (D:1)
  3 quokkas
  2 frilled lizards
  12 kobolds
  2 leopard gecko skeletons
  10 rats
  3 fungi
  7 plants
  4 tentacles (Shoals:3)
1685 creatures vanquished.

Vanquished Creatures (collateral kills)
  A deep elf blademaster (Elf:2)
  A tengu reaver (Vaults:5)
  A deep elf sorcerer (Vaults:4)
  Aizul (Snake:2)
  An orc warlord (Orc:2)
  2 vault wardens
  An ironheart preserver (Vaults:4)
  A stone giant (Vaults:5)
  A deep elf annihilator (Vaults:4)
  An ettin (Vaults:3)
  A deep elf death mage (Vaults:4)
  2 merfolk impalers
  Erolcha (D:11)
  2 yaktaur captains
  5 naga warriors
  2 centaur warriors
  A merfolk avatar (Shoals:4)
  2 tengu warriors
  2 death yaks (Lair:6)
  5 naga sharpshooters
  A slime creature (Vaults:1)
  A skeletal warrior (Vaults:1)
  2 deep elf knights
  A salamander mystic (Snake:4)
  A sea snake (Shoals:3)
  A deep troll (Vaults:4)
  A deep elf archer (Elf:2)
  2 lindwurms (Snake:4)
  4 hill giants
  3 naga ritualists
  3 mana vipers (Snake:4)
  A necromancer (Vaults:3)
  2 ugly things
  An orc knight (Orc:2)
  5 cyclopes
  4 harpies
  4 deep elf magi
  A faun (Shoals:4)
  6 salamanders
  5 naga magi
  A merfolk siren (Shoals:4)
  5 black mambas
  A vault sentinel (Vaults:1)
  2 guardian serpents
  2 water nymphs (Shoals:2)
  A gargoyle (D:10)
  A tengu conjurer (D:15)
  4 yaktaurs
  A freezing wraith (Vaults:3)
  3 merfolk (Shoals:4)
  2 trolls (D:11)
  A two-headed ogre (Vaults:2)
  6 dream sheep
  5 yaks
  A wyvern (D:13)
  A basilisk (D:11)
  A fire elemental (D:14)
  A steam dragon (D:12)
  A hungry ghost (D:11)
  A vampire mosquito (D:12)
  A water moccasin (shapeshifter) (D:13)
  10 nagas
  A hell hound (D:14)
  4 orc warriors
  2 ogres (Vaults:2)
  4 centaurs (D:13)
  A boggart (Vaults:3)
  A big kobold (D:13)
  A bullfrog (D:15)
  A killer bee (D:12)
  2 howler monkeys (D:11)
  An orc priest (Orc:2)
  2 hounds (D:13)
  A worker ant zombie (D:11)
  6 orcs
  A fungus (Lair:5)
  5 plants
168 creatures vanquished.

Vanquished Creatures (others)
  An ogre mage (Vaults:1)
  3 deep elf knights
  212 ball lightnings
  An orc sorcerer (Orc:2)
  A deep elf mage (Elf:2)
  A cyclops (D:15)
  A hornet (D:14)
  A naga (Snake:4)
  A centaur (D:14)
  A boggart (Vaults:3)
  3 bushes (Lair:6)
  37 fungi
  106 plants
  31 tentacles (Shoals:3)
400 creatures vanquished.

Grand Total: 2253 creatures vanquished

Notes
Turn   | Place    | Note
-------+----------+-------------------------------------------
     0 | D:1      | Lochraine the Tengu Air Elementalist began the quest for the Orb.
     0 | D:1      | Reached XP level 1. HP: 10/10 MP: 4/4
   262 | D:1      | Reached XP level 2. HP: 13/15 MP: 6/6
   416 | D:1      | Learned a level 2 spell: Swiftness
   877 | D:1      | Reached XP level 3. HP: 19/19 MP: 7/7
   976 | D:1      | Learned a level 3 spell: Static Discharge
  1843 | D:2      | Reached XP level 4. HP: 23/24 MP: 8/8
  1989 | D:2      | Reached skill level 5 in Air Magic
  2529 | D:3      | Noticed Jessica
  2741 | D:3      | Gained mutation: You can fly. [Tengu growth]
  2741 | D:3      | Reached XP level 5. HP: 28/28 MP: 10/10
  2861 | D:3      | Killed Jessica
  3041 | D:3      | Found a runed door.
  3149 | D:4      | Reached XP level 6. HP: 17/32 MP: 12/12
  3160 | D:4      | Reached skill level 6 in Air Magic
  3195 | D:4      | Learned a level 2 spell: Repel Missiles
  3876 | D:4      | Reached XP level 7. HP: 22/36 MP: 14/14
  3941 | D:4      | Reached skill level 5 in Conjurations
  3941 | D:4      | Reached skill level 1 in Charms
  4083 | D:5      | Entered Level 5 of the Dungeon
  4213 | D:5      | Found Pitydum's Armour Shop.
  4399 | D:5      | Noticed Sigmund
  4866 | D:5      | Reached skill level 7 in Air Magic
  5008 | D:6      | Reached XP level 8. HP: 27/41 MP: 12/15
  5118 | D:6      | Found a staircase to the Ecumenical Temple.
  5125 | Temple   | Entered the Ecumenical Temple
  5435 | Temple   | Became a worshipper of Vehumet
  5549 | D:6      | Noticed Grinder
  5565 | D:6      | Got an encrusted large shield
  5572 | D:6      | Identified the cursed +0 large shield of Paranoia {Regen+ Int+2 Stlth+} (You found it on level 6 of the Dungeon)
  5780 | D:7      | Learned a level 5 spell: Lightning Bolt
  6001 | D:7      | Reached skill level 5 in Dodging
  6001 | D:7      | Reached skill level 8 in Air Magic
  6341 | D:7      | Reached XP level 9. HP: 45/45 MP: 16/16
  6689 | D:8      | Reached * piety under Vehumet
  6689 | D:8      | Offered knowledge of Magic Dart by Vehumet.
  6706 | D:8      | Reached skill level 9 in Air Magic
  6809 | D:8      | Reached skill level 5 in Spellcasting
  7139 | D:8      | HP: 2/45 [porcupine (11)]
  7214 | D:8      | Reached skill level 10 in Air Magic
  7519 | D:8      | Reached skill level 1 in Fighting
  7519 | D:8      | Reached skill level 1 in Polearms
  7519 | D:8      | Reached XP level 10. HP: 30/52 MP: 11/19
  7722 | D:8      | Reached ** piety under Vehumet
  7884 | D:8      | Offered knowledge of Throw Flame by Vehumet.
  7891 | D:8      | Found a staircase to the Lair.
  8023 | D:8      | Found a bloodstained altar of Trog.
  8402 | Lair:1   | Entered Level 1 of the Lair of Beasts
  8406 | Lair:1   | Learned a level 2 spell: Throw Flame
  8413 | Lair:1   | Noticed a spiny frog
  8420 | Lair:1   | Killed a spiny frog
  8420 | Lair:1   | Reached skill level 1 in Fire Magic
  8435 | Lair:1   | Noticed a spiny frog
  8439 | Lair:1   | Killed a spiny frog
  8443 | Lair:1   | Noticed Gastronok
  8598 | Lair:1   | Killed Gastronok
  8598 | Lair:1   | Reached skill level 5 in Polearms
  8714 | Lair:1   | Noticed a spiny frog
  8721 | Lair:1   | Killed a spiny frog
  8721 | Lair:1   | Reached XP level 11. HP: 48/62 MP: 14/23
  9162 | Lair:1   | Noticed a five-headed hydra
  9436 | D:8      | Killed a five-headed hydra
  9436 | D:8      | Reached skill level 10 in Conjurations
 10092 | Lair:2   | Reached skill level 5 in Fighting
 10136 | Lair:2   | Reached skill level 1 in Armour
 10264 | Lair:1   | HP: 3/64 [elephant (16)]
 10506 | Lair:2   | Offered knowledge of Ignite Poison by Vehumet.
 10701 | Lair:2   | Reached *** piety under Vehumet
 10833 | Lair:2   | Noticed a six-headed hydra
 10840 | Lair:2   | Killed a six-headed hydra
 10840 | Lair:2   | Reached XP level 12. HP: 60/71 MP: 14/24
 11011 | Lair:2   | Got a faintly humming robe
 11022 | Lair:2   | Identified the +0 robe "Axku" {rElec rC- rN+ Str+2} (You found it on level 2 of the Lair of Beasts)
 11480 | Lair:3   | Found a staircase to the Snake Pit.
 11481 | Lair:3   | Offered knowledge of Force Lance by Vehumet.
 11487 | Lair:3   | Learned a level 4 spell: Force Lance
 11695 | Lair:3   | Reached skill level 1 in Translocations
 11802 | Lair:3   | Reached skill level 5 in Armour
 12625 | Lair:4   | Reached skill level 1 in Staves
 12625 | Lair:4   | Reached skill level 1 in Evocations
 12683 | Lair:4   | Found a staircase to the Shoals.
 12959 | Lair:4   | Noticed stickyfingers's ghost (journeyman TrWz)
 13288 | Lair:4   | Reached **** piety under Vehumet
 13521 | Lair:4   | Killed stickyfingers's ghost
 13521 | Lair:4   | Reached skill level 5 in Staves
 13521 | Lair:4   | Reached XP level 13. HP: 60/78 MP: 2/25
 14083 | Lair:4   | Offered knowledge of Irradiate by Vehumet.
 14083 | Lair:4   | Reached skill level 5 in Evocations
 14695 | Lair:5   | You fall through a shaft!
 14695 | Lair:6   | Entered Level 6 of the Lair of Beasts
 15131 | Lair:6   | Identified the Tome of the Toxic Birds
 15155 | Lair:6   | Learned a level 6 spell: Freezing Cloud
 15260 | Lair:6   | Reached skill level 1 in Ice Magic
 15278 | Lair:6   | Reached ***** piety under Vehumet
 15592 | Lair:6   | Offered knowledge of Iron Shot by Vehumet.
 15770 | Lair:5   | Reached skill level 5 in Ice Magic
 15821 | Lair:5   | Gained mutation: You can fly continuously. [Tengu growth]
 15821 | Lair:5   | Reached XP level 14. HP: 77/83 MP: 26/27
 15850 | Lair:5   | Learned a level 4 spell: Summon Lightning Spire
 15888 | Lair:5   | Got a smoking platinum ring
 15890 | Lair:5   | Identified the ring "Kanoel" {MR+ AC+5 Int+2} (You found it on level 5 of the Lair of Beasts)
 16070 | Lair:5   | Reached skill level 1 in Summonings
 16729 | Lair:6   | Found a viscous altar of Jiyva.
 16730 | Lair:6   | Found a staircase to the Slime Pits.
 17351 | Lair:2   | Reached skill level 10 in Spellcasting
 17474 | D:9      | Learned a level 6 spell: Iron Shot
 17536 | D:9      | Offered knowledge of Conjure Ball Lightning by Vehumet.
 17952 | D:10     | Entered Level 10 of the Dungeon
 18050 | D:10     | Found a staircase to the Orcish Mines.
 18415 | D:10     | Got a brightly glowing ring mail
 18424 | D:10     | Identified the +6 ring mail "Rolot" {rC- MR+ Int+5} (You took it off an orc warrior on level 10 of the Dungeon)
 18530 | D:10     | Identified a scroll of acquirement
 18878 | D:10     | Learned a level 6 spell: Conjure Ball Lightning
 18936 | D:11     | Got an ivory flail
 18946 | D:11     | Identified the +4 flail of Karma {crush, Str+3} (You found it on level 11 of the Dungeon)
 19215 | D:11     | Found a roughly hewn altar of Beogh.
 19233 | D:11     | Offered knowledge of Ozocubu's Refrigeration by Vehumet.
 19390 | D:11     | Noticed Erolcha
 19395 | D:11     | Killed Erolcha
 20519 | D:12     | Noticed Nergalle
 20527 | D:12     | Killed Nergalle
 20840 | D:12     | Reached XP level 15. HP: 87/87 MP: 31/31
 21076 | D:13     | Found a snail-covered altar of Cheibriados.
 22507 | D:13     | Found a portal to a secret trove of treasure.
 22717 | D:14     | Found Byqas's Magic Scroll Shoppe.
 22721 | D:14     | Bought a scroll of identify for 30 gold pieces
 22721 | D:14     | Bought a scroll of blinking for 112 gold pieces
 22721 | D:14     | Bought a scroll of identify for 30 gold pieces
 22767 | D:14     | Noticed Azrael
 22770 | D:14     | Killed Azrael
 23001 | D:14     | Found a glowing silver altar of Zin.
 23053 | D:14     | Identified the cursed +0 falchion of Atauborch {speed, rElec rC+} (You found it on level 14 of the Dungeon)
 23165 | D:14     | Offered knowledge of Iskenderun's Battlesphere by Vehumet.
 23400 | D:14     | Found a gate to the Vaults.
 23756 | D:15     | Entered Level 15 of the Dungeon
 25207 | D:15     | Learned a level 5 spell: Iskenderun's Battlesphere
 25784 | D:10     | Learned a level 1 spell: Shock
 25892 | Orc:1    | Entered Level 1 of the Orcish Mines
 26203 | Orc:2    | Entered Level 2 of the Orcish Mines
 26212 | Orc:1    | Noticed an orc warlord
 26212 | Orc:1    | Reached ****** piety under Vehumet
 26226 | Orc:2    | Offered knowledge of Bolt of Cold by Vehumet.
 26412 | Orc:2    | Found Keenno Erua's Weapon Shoppe.
 26716 | Orc:2    | Killed an orc warlord
 27019 | Orc:1    | Found a roughly hewn altar of Beogh.
 27105 | Orc:2    | Found Zuenalu's Magic Scroll Shop.
 27115 | Orc:2    | Bought a scroll of recharging for 104 gold pieces
 27115 | Orc:2    | Bought a scroll of enchant armour for 82 gold pieces
 27115 | Orc:2    | Bought a scroll of recharging for 104 gold pieces
 27115 | Orc:2    | Bought a scroll of identify for 22 gold pieces
 27115 | Orc:2    | Bought a scroll of enchant armour for 82 gold pieces
 27223 | Orc:2    | Found Uwiorutu's Gadget Shop.
 27305 | Orc:2    | Reached XP level 16. HP: 96/96 MP: 33/33
 27313 | Orc:2    | Found a staircase to the Elven Halls.
 27375 | Orc:2    | Found Tynta's Food Emporium.
 27662 | Orc:2    | Offered knowledge of Delayed Fireball by Vehumet.
 27694 | Orc:2    | Reached skill level 1 in Earth Magic
 28375 | Orc:2    | Found Teumn's Antique Armour Emporium.
 28376 | Orc:2    | Found Viedough's Antique Weapon Shoppe.
 28378 | Orc:2    | Found Guutueti's General Store.
 28378 | Orc:2    | Found Hecseteg's Book Emporium.
 28384 | Orc:2    | Bought a jewelled quarterstaff for 261 gold pieces
 28385 | Orc:2    | Identified the +5 quarterstaff "Goblinslayer" {crush, Dex+4} (You bought it in a shop on level 2 of the Orcish Mines)
 28657 | Snake:1  | Entered Level 1 of the Snake Pit
 28726 | Snake:1  | Found Cacs's Antique Armour Shoppe.
 29556 | Snake:1  | Noticed a nagaraja
 29561 | Snake:1  | Killed a nagaraja
 29958 | Snake:2  | Offered knowledge of Bolt of Fire by Vehumet.
 30167 | Snake:2  | Noticed Asterion
 30178 | Snake:2  | Killed Asterion
 30329 | Snake:2  | Reached skill level 1 in Shields
 30997 | Snake:2  | Found Osuvom's Gadget Emporium.
 30998 | Snake:2  | Found Hocug's Jewellery Boutique.
 30998 | Snake:2  | Found Fofughaq's Jewellery Boutique.
 31004 | Snake:2  | Bought the ring of Poacuef {rPois rN+ EV+3 Str+3 Dex+4} for 817 gold pieces
 31395 | Snake:2  | Noticed Aizul
 31411 | Snake:2  | Killed Aizul
 31411 | Snake:2  | Reached skill level 5 in Shields
 32452 | Snake:3  | Offered knowledge of Lehudib's Crystal Spear by Vehumet.
 32452 | Snake:3  | Offered knowledge of Fire Storm by Vehumet.
 32452 | Snake:3  | Offered knowledge of Shatter by Vehumet.
 33139 | Snake:3  | Reached XP level 17. HP: 101/101 MP: 30/34
 33704 | Snake:4  | Entered Level 4 of the Snake Pit
 34005 | Snake:4  | Got an encrusted ring mail
 34053 | Snake:4  | Identified the +1 ring mail of Whack-A-Mole {-Cast rF+ rC+} (You found it on level 4 of the Snake Pit)
 34314 | Snake:4  | Reached skill level 10 in Shields
 36787 | Snake:4  | Got a serpentine rune of Zot
 37326 | Snake:4  | Reached XP level 18. HP: 105/107 MP: 28/35
 37940 | Shoals:1 | Entered Level 1 of the Shoals
 38122 | Shoals:1 | Noticed Roxanne
 38422 | Shoals:1 | Reached skill level 15 in Shields
 39021 | Shoals:1 | Killed Roxanne
 39022 | Shoals:1 | Identified Roxanne's Reference Book on Clay (You took it off Roxanne on level 1 of the Shoals)
 39431 | Shoals:2 | Reached skill level 5 in Earth Magic
 39438 | Shoals:2 | HP: 5/107 [ball lightning[the player character] (12)]
 39799 | Shoals:2 | Reached skill level 10 in Fighting
 41496 | Shoals:3 | Learned a level 4 spell: Airstrike
 41999 | Shoals:3 | Found Seadawyu's Antique Weapon Emporium.
 43219 | Shoals:4 | Entered Level 4 of the Shoals
 43317 | Shoals:4 | Noticed Ilsuiw
 43627 | Shoals:4 | Reached XP level 19. HP: 110/116 MP: 26/36
 43703 | Shoals:4 | Identified the +2 falchion of Laceration {freeze, rPois Str+3} (You found it on level 4 of the Shoals)
 43706 | Shoals:4 | Identified the +1 hand axe of Neurosis {pain, +Rage rF+ Str-5 Dex+2} (You found it on level 4 of the Shoals)
 43806 | Shoals:4 | Reached skill level 11 in Air Magic
 44673 | Shoals:4 | Got a barnacled rune of Zot
 45729 | Vaults:1 | Entered Level 1 of the Vaults
 46221 | Vaults:1 | Found Ukloibus's Antique Armour Shoppe.
 46362 | Vaults:1 | Reached skill level 12 in Air Magic
 46436 | Vaults:1 | Noticed Nikola
 46442 | Vaults:1 | Killed Nikola
 46879 | Vaults:1 | Reached skill level 10 in Evocations
 47349 | Vaults:1 | Reached skill level 13 in Air Magic
 47923 | Vaults:1 | Reached XP level 20. HP: 117/124 MP: 37/37
 48709 | Vaults:2 | Reached skill level 14 in Air Magic
 48857 | Vaults:2 | Reached skill level 10 in Staves
 51476 | Vaults:3 | Found a staircase to the Crypt.
 51829 | Vaults:3 | Reached skill level 15 in Air Magic
 52524 | Vaults:3 | Reached XP level 21. HP: 125/132 MP: 38/38
 53624 | Vaults:4 | Reached skill level 10 in Dodging
 54125 | Vaults:4 | Reached skill level 16 in Air Magic
 54448 | Vaults:4 | Found Aptadim's Assorted Antiques.
 55879 | Vaults:5 | Entered Level 5 of the Vaults
 55895 | Vaults:4 | Reached XP level 22. HP: 57/138 MP: 39/39
 56796 | Vaults:4 | Reached skill level 15 in Fighting
 57322 | Vaults:4 | Reached skill level 17 in Air Magic
 57504 | Vaults:5 | Noticed a golden dragon
 58985 | Elf:1    | Entered Level 1 of the Elven Halls
 58998 | Elf:1    | Gained mutation: Your magical capacity is low. (-10% MP) [a neqoxec]
 59134 | Orc:2    | Bought a potion of curing for 39 gold pieces
 59247 | Elf:1    | Reached skill level 15 in Conjurations
 59327 | Elf:1    | Found Feimis's Distillery.
 59657 | Elf:1    | Noticed Frances
 59667 | Elf:1    | Killed Frances
 60135 | Elf:1    | Gained mutation: You are partially covered in iridescent scales. (AC +2) [potion of beneficial mutation]
 60394 | Elf:1    | Found Coxav's One-of-a-Kind Books.
 60448 | Elf:1    | Learned a level 2 spell: Passwall
 60726 | Elf:2    | Noticed Donald
 60733 | Elf:2    | Killed Donald
 61702 | Elf:2    | Found a runed gate.
 61722 | Elf:2    | Found a runed gate.
 62480 | Elf:2    | Found a runed gate.
 62497 | Elf:2    | Reached skill level 1 in Long Blades
 63447 | Elf:2    | Reached skill level 5 in Long Blades
 63896 | Elf:2    | Reached XP level 23. HP: 141/145 MP: 36/36
 63958 | Elf:3    | Entered Level 3 of the Elven Halls
 64616 | D:14     | Bought a scroll of brand weapon for 300 gold pieces
 65426 | Vaults:5 | Noticed Saint Roka
 65481 | Vaults:5 | Noticed a golden dragon
 66298 | D:15     | Reached skill level 10 in Long Blades
 66310 | D:15     | Found a white marble altar of Elyvilon.
 66620 | D:15     | Found a staircase to the Depths.
 66630 | Depths:1 | Entered Level 1 of the Depths
 67006 | D:15     | HP: 2/145 [cyan very ugly thing (8)]
 67006 | D:15     | Slain by a cyan very ugly thing

Vault maps used:
D:1:      nicolae_arrival_somewhat_less_tricky_arrival
D:3:      uniq_jessica, uniq_crazy_yiuf_cottage
D:5:      first_bread, serial_shops, shop_fountains, uniq_sigmund
D:6:      grunt_ministairs_7, minmay_misc_feat_rows, minivault_11, uniq_grinder
D:8:      minmay_lair_entry_grove, basic_altar, minmay_misc_feat_plants
D:10:     erik_orc_1
D:11:     uniq_erolcha
D:12:     david_nohive_1, hangedman_decor_opposing, uniq_nergalle
D:13:     minmay_cut_squares, enter_trove_1, basic_altar, grunt_tough_drop
D:14:     david_vaults_2, serial_shops, shop, lemuel_doored_altar,
          kennysheep_boxes, uniq_azrael
D:15:     gammafunk_enter_depths_forms, elyvilon_altar_5
Temple:   compressed_dpeg_triangle_lava_temple
Lair:1:   lemuel_fruit_tree, grunt_megastairs_1, serial_bayou_shore_a,
          uniq_gastronok
Lair:2:   minivault_26
Lair:3:   guppyfry_snake_entry_island, columned_hall_lemuel,
          minmay_lindwurm_lava
Lair:4:   minmay_shoals_entry_lonely_mermaid, infiniplex_staircase_pool_2,
          lemuel_fruit_fields
Lair:5:   wad_woods_road_03, grunt_megastairs_3, serial_bayou_shore_b,
          infiniplex_staircase_pool
Lair:6:   grunt_lair_end_beastmaster, dpeg_slime_entry_enclosed_altar,
          dpeg_oklob_1, grunt_megastairs_5
Shoals:1: st_cyclops, uniq_roxanne
Shoals:2: nicolae_shoals_square_sea_wall
Shoals:3: serial_shops, shop
Shoals:4: shoals_end_grunt_garden, shoals_ilsuiw_alternative
Snake:1:  serial_shops, shop
Snake:2:  minmay_shop_grove, uniq_aizul, uniq_asterion
Snake:3:  hangedman_snake_thin_pillar_pass
Snake:4:  snake_pit_salamanders_mu
Orc:1:    basic_altar, lightli_orcish_oven
Orc:2:    st_orc_congregation, serial_shops, nicolae_shop_window_shopping, shop,
          nicolae_shop_stone, shop_fountains
Elf:1:    minmay_elf_arrival_summoners, serial_shops, nicolae_shop_statue_plus,
          hangedman_elven_crosses_minicolossus, nicolae_rare_books, uniq_frances
Elf:2:    uniq_donald
Elf:3:    minmay_elf_hall_dome, grunt_megastairs_2
Vaults:1: vaults_standard_mumra_x, vaults_room_grunt_arrival_ludios,
          vaults_mumra_lcd, nicolae_vaults_border_crossing, v_misc_3,
          vaults_mumra_hex, nicolae_vaults_rhombus_5, v_rooms_1, serial_shops,
          shop_statue, uniq_nikola
Vaults:2: v_pattern_5, hangedman_vaults_stretched_pinwheel,
          nicolae_vaults_windows_and_doors_thing, ontoclasm_vaults_hangar,
          vaults_dpeg_spiral, hangedman_vaults_pinch, vaults_room_pool,
          nicolae_vaults_diagonal_hallway_7, nicolae_vaults_angled_halls,
          ontoclasm_vaults_gateway, ontoclasm_vaults_spin
Vaults:3: blue_anna_dwarven_crypt, nicolae_vaults_network_star,
          vaults_room_guarded_vault, v_misc_11, v_misc_12,
          nicolae_vaults_big_angled_halls, v_misc_24,
          hangedman_vaults_river_flow
Vaults:4: vaults_room_mumra_shop_pool, vaults_room_door_hall,
          nicolae_vaults_little_squares_4, vaults_mumra_hexcomb,
          hangedman_vaults_nodes, v_misc_29, vaults_dpeg_encased_lava,
          vaults_room_boxed, st_smaller_cells, vaults_room_hallway,
          ontoclasm_vaults_ligature, nicolae_vaults_bisected_slash,
          vaults_room_corners, vaults_room_semicircle
Vaults:5: uniq_saint_roka
Depths:1: corexii_hall_statues_l, hell_entry, minmay_holes,
          hangedman_abyss_or_decor_clamps, hangedman_blasphemy

Skill      XL: |  1  2  3  4  5  6  7  8  9 10 11 12 13 14 15 16 17 18 19 20 21 22 23 |
---------------+----------------------------------------------------------------------+-----
Conjurations   | 2 3 4 5 7 9 10 11 12 14 15 | 15.5
Air Magic      | 5 6 7 8 10 13 15 16 17 | 17.8
Spellcasting   | 3 4 5 7 8 11 12 | 12.7
Dodging        | 3 5 8 9 10 | 10.1
Charms         | 1 3 |  3.3
Fighting       | 1 4 6 7 9 11 13 14 15 | 15.5
Polearms       | 1 5 6 |  6.9
Fire Magic     | 3 |  3.7
Armour         | 4 6 8 9 |  9.8
Translocations | 2 |  2.8
Staves         | 5 8 9 11 | 11.3
Evocations     | 4 7 8 10 12 13 14 | 14.4
Ice Magic      | 5 6 7 |  7.0
Summonings     | 4 |  4.8
Earth Magic    | 3 5 |  5.3
Shields        | 8 13 15 | 15.0
Long Blades    | 6 10 | 10.8
Stealth        | |  2.5

Action                   |  1- 3 |  4- 6 |  7- 9 | 10-12 | 13-15 | 16-18 | 19-21 | 22-24 || total
-------------------------+-------+-------+-------+-------+-------+-------+-------+-------++-------
Melee: Unarmed           |    10 |       |       |       |       |       |       |       ||    10
       Peck              |     9 |    15 |    18 |    41 |   178 |   198 |   365 |   253 ||  1077
       Club              |    28 |       |       |       |       |       |       |       ||    28
       Kick              |    12 |    26 |    38 |    83 |   264 |   292 |   521 |   375 ||  1611
       Hand axe          |    33 |   106 |    71 |       |       |       |       |       ||   210
       Trident           |       |       |    71 |   211 |       |       |       |       ||   282
       Staff             |       |       |       |   119 |   979 |   797 |  1384 |   748 ||  4027
       Flail             |       |       |       |       |     6 |       |       |       ||     6
       Quarterstaff      |       |       |       |       |       |    19 |       |       ||    19
       Demon blade       |       |       |       |       |       |       |       |    81 ||    81
 Cast: Shock             |    28 |    42 |   131 |    58 |    69 |   369 |   164 |     5 ||   866
       Static Discharge  |       |    10 |    43 |    85 |    93 |       |       |       ||   231
       Lightning Bolt    |       |       |     2 |    44 |    88 |   127 |    98 |    51 ||   410
       Repel Missiles    |       |       |     1 |       |     3 |     9 |     6 |     3 ||    22
       Throw Flame       |       |       |       |   171 |    91 |       |       |       ||   262
       Swiftness         |       |       |       |     1 |       |       |     4 |     1 ||     6
       Force Lance       |       |       |       |     3 |     4 |       |       |       ||     7
       Summon Lightning  |       |       |       |       |    29 |    61 |    26 |     8 ||   124
       Conjure Ball Ligh |       |       |       |       |    19 |    34 |    23 |    10 ||    86
       Freezing Cloud    |       |       |       |       |    15 |    26 |    32 |     2 ||    75
       Iskenderun's Batt |       |       |       |       |    15 |    65 |    33 |     2 ||   115
       Iron Shot         |       |       |       |       |       |    24 |     7 |    67 ||    98
       Airstrike         |       |       |       |       |       |     8 |    33 |    11 ||    52
 Abil: Fly               |       |       |       |     3 |       |     2 |       |     2 ||     7
       Stop Flying       |       |       |       |       |       |     1 |       |     3 ||     4
Evoke: Wand              |       |       |       |       |       |     4 |     2 |     3 ||     9
       Disc of storms    |       |       |       |       |       |       |     4 |     1 ||     5
       Lamp of fire      |       |       |       |       |       |       |     1 |     1 ||     2
       Phantom mirror    |       |       |       |       |       |       |       |     1 ||     1
  Use: Scroll            |       |     5 |     7 |    13 |    20 |    17 |    14 |    26 ||   102
       Potion            |       |       |     7 |     2 |     5 |    18 |     7 |    11 ||    50
 Stab: Sleeping          |     4 |     1 |     2 |       |     1 |     3 |       |       ||    11
       Petrified         |       |       |       |       |    10 |       |       |       ||    10
       Distracted        |       |       |       |       |     4 |     9 |     6 |       ||    19
  Eat: Chunk             |     3 |     8 |    11 |    23 |    49 |    18 |    37 |    36 ||   185
       Meat ration       |       |       |     2 |     1 |     2 |       |       |       ||     5
       Beef jerky        |       |       |     1 |       |       |       |     1 |     5 ||     7
       Royal jelly       |       |       |       |       |     3 |     1 |     2 |     1 ||     7
       Pizza             |       |       |       |       |     2 |     3 |       |     2 ||     7
       Bread ration      |       |       |       |       |       |    13 |     1 |     2 ||    16
       Fruit             |       |       |       |       |       |       |     1 |     4 ||     5
Armor: Robe              |    32 |     1 |    37 |    23 |    15 |       |       |       ||   108
       Leather armour    |       |    34 |    19 |       |       |       |       |       ||    53
       Skin              |       |       |    11 |    11 |       |       |       |       ||    22
       Ring mail         |       |       |       |   119 |   323 |   240 |   188 |   151 ||  1021
       Troll leather arm |       |       |       |       |    79 |       |       |       ||    79
Dodge: Dodged            |    74 |    70 |   123 |   266 |   688 |   739 |   520 |   401 ||  2881
       Deflected         |       |       |       |     1 |    24 |    44 |    47 |    32 ||   148
Block: Shield            |       |       |       |       |       |   498 |   520 |   489 ||  1507
       Large shield      |       |       |       |       |       |       |   313 |       ||   313
       Reflection        |       |       |       |       |       |       |       |    33 ||    33
       Rpst.: Demon blade |       |       |       |       |       |       |       |    14 ||    14
